 Dungeon Crawl Stone Soup version 0.30-a0-135-g630cfc4551 (webtiles) character file.

Game seed: 9135868912426824232

274 jlumianski the Chopper (level 6, -2/37 HPs)
             Began as a Gargoyle Gladiator on Sept 20, 2022.
             Was an Initiate of Qazlal.
             Slain by Pikel
             ... wielding a +2 whip of flaming
              (3 damage)
             ... on level 3 of the Dungeon.
             The game lasted 00:12:57 (3245 turns).

jlumianski the Chopper (Gargoyle Gladiator)         Turns: 3245, Time: 00:12:58

Health: -2/37      AC: 20    Str: 26    XL:     6   Next: 24%
Magic:  6/6        EV: 15    Int:  8    God:    Qazlal [......]
Gold:   167        SH:  0    Dex: 11    Spells: 5/5 levels left

rFire   . . .      SeeInvis .    a - +0 war axe
rCold   . . .      Faith    .    (no shield)
rNeg    + . .      Spirit   .    n - +5 ring mail "Ogy Ucs" {+Blink Will+}
rPois   ∞          Reflect  .    g - +2 helmet
rElec   +          Harm     .    p - +0 cloak
rCorr   .          Rampage  .    f - +0 pair of gloves
Will    +....                    (no boots)
Stlth   +.........               (no amulet)
HPRegen 0.12/turn                s - +4 ring of evasion
MPRegen 0.10/turn                t - +6 ring of strength

@: no status effects
A: sickness immunity, AC +4, negative energy resistance 1, electricity
resistance, torment resistance 1, petrification resistance
a: Renounce Religion, Evoke Blink


You were on level 3 of the Dungeon.
You worshipped Qazlal.
Qazlal was noncommittal.
You visited 2 branches of the dungeon, and saw 7 of its levels.

You collected 167 gold pieces.

Inventory:

Hand Weapons
 a - a +0 war axe (weapon)
Missiles
 d - 3 throwing nets
 e - a javelin
 k - 6 boomerangs (quivered)
Armour
 b - a +0 leather armour
 c - a +0 helmet
 f - a +0 pair of gloves (worn)
 g - a +2 helmet (worn)
 n - the +5 ring mail "Ogy Ucs" (worn) {+Blink Will+}
   (You found it on level 2 of the Dungeon)

   +Blink:    It lets you blink.
   Will:      It increases your willpower.
 o - a +0 plate armour
 p - a +0 cloak (worn)
 q - a +2 plate armour of poison resistance
Jewellery
 s - a +4 ring of evasion (left hand)
 t - a +6 ring of strength (right hand)
Wands
 w - a wand of polymorph (1)
Scrolls
 i - 3 scrolls of teleportation
 j - a scroll of vulnerability
 m - a scroll of fear {unknown}
 u - a scroll of brand weapon {unknown}
Potions
 h - a potion of lignification
 l - a potion of curing
 r - a potion of haste {unknown}
 v - a potion of heal wounds {unknown}


   Skills:
 + Level 3.4 Fighting
 + Level 4.3 Axes
 + Level 2.0 Throwing
 + Level 2.5 Armour
 + Level 3.0 Dodging
 * Level 1.5 Evocations


You had 5 spell levels left.
You didn't know any spells.
Your spell library contained the following spells:

 Spells                   Type           Power      Damage    Failure   Level
 Shock                    Conj/Air       0%         1d3       54%         1
 Swiftness                Air            0%         N/A       88%         3
 Airstrike                Air            0%         2d(0-16)  99%         4


Dungeon Overview and Level Annotations

Branches:
Dungeon (6/15)             Temple (1/1) D:4

Altars:
Ashenzari
Dithmenos
Fedhas
Gozag
Kikubaaqudgha
Makhleb
Nemelex Xobeh
Okawaru
Qazlal
Ru
Sif Muna
Trog
Uskayaw
Vehumet
Wu Jian
Xom
Zin

Shops:
D:1 [

Annotations:
D:3 Pikel


Innate Abilities, Weirdness & Mutations

You are immune to sickness and miasma.
Your stone body is resilient. (AC +4)
You are immune to poison.
You resist negative energy. (rN+)
You are resistant to electric shocks. (rElec)
You are resistant to unholy torment.
You are immune to petrification.


Message History

Pikel hits you but does no damage.
Pikel zaps a wand.
Your mind is blasted!
You closely miss Pikel.
Pikel is moderately wounded.
Pikel hits you with a +2 whip of flaming.
Pikel burns you.
You slash Pikel!
Pikel is heavily wounded.
Pikel misses you.
You hit Pikel.
Pikel is heavily wounded.
Pikel hits you with a +2 whip of flaming.
Pikel burns you.
Pikel zaps a wand.
You resist with some effort.
You hit Pikel.
Pikel is heavily wounded.
Pikel closely misses you.
You barely miss Pikel.
Pikel is heavily wounded.
Pikel completely misses you.
You closely miss Pikel.
Pikel is heavily wounded.
Pikel zaps a wand.
You resist with some effort.
You slash Pikel!
Pikel is almost dead.
Pikel hits you but does no damage. Pikel barely misses you.
You barely miss Pikel.
Pikel is almost dead.
Pikel barely misses you.
You hit Pikel.
Pikel is almost dead.
Pikel hits you but does no damage.
You hit Pikel but do no damage.
Pikel is almost dead.
Pikel zaps a wand.
Your mind is blasted!
Ouch! That really hurt!
* * * LOW HITPOINT WARNING * * *
Pikel scowls and wipes his hands on his robe.
Pikel hits you with a +2 whip of flaming.
* * * LOW HITPOINT WARNING * * *
Pikel burns you.
You die...

.##...#....##......#
.##...#.#####.##.###
.#............##.#
......#..........#
............###..#
.###.#...........#
.###.#...........#
............####.###
###..##........K@..#
###..............###
...........#####.#
####.#####.# #.#
#........#.# #.#
#.#..#####.# #.#
#.#......#.# #.#
#.##.###.#.# #.#
#.##.###.#.# #.#


You could see Pikel.

Vanquished Creatures
  2 hounds (D:4)
  A jelly (D:5)
  An iguana (Temple)
  An orc wizard (D:3)
  5 adders
  2 ufetubi
  A worm (D:2)
  A dart slug (D:3)
  3 orcs (D:3)
  5 ball pythons
  7 bats (D:1)
  5 endoplasms
  6 giant cockroaches
  8 goblins
  9 hobgoblins
  3 jackals (D:3)
  2 quokkas
  2 frilled lizards
  4 kobolds
  3 rats
71 creatures vanquished.

Notes
Turn   | Place    | Note
-------+----------+-------------------------------------------
     0 | D:1      | jlumianski the Gargoyle Gladiator began the quest for the
                  | Orb.
     0 | D:1      | Reached XP level 1. HP: 12/12 MP: 1/1
   274 | D:2      | Reached XP level 2. HP: 18/18 MP: 2/2
   372 | D:1      | Reached skill level 3 in Axes
   404 | D:1      | Found a faded altar of an unknown god.
   628 | D:1      | Found Nugeasuf's Armour Emporium.
   764 | D:2      | Reached XP level 3. HP: 22/22 MP: 3/3
   868 | D:2      | Identified the +5 ring mail "Ogy Ucs" {+Blink Will+}
   893 | D:2      | Found a shimmering altar of Xom.
  1362 | D:3      | Found an ornate altar of the Wu Jian Council.
  1434 | D:3      | Reached skill level 1 in Armour
  1614 | D:3      | Reached skill level 1 in Evocations
  1614 | D:3      | Reached XP level 4. HP: 21/27 MP: 4/4
  2428 | D:3      | Reached XP level 5. HP: 29/31 MP: 5/5
  2497 | D:4      | Found a staircase to the Ecumenical Temple.
  2507 | Temple   | Entered the Ecumenical Temple
  2588 | Temple   | Became a worshipper of Qazlal Stormbringer
  2652 | D:4      | Reached skill level 4 in Axes
  2944 | D:5      | Entered Level 5 of the Dungeon
  2951 | D:5      | Noticed a black bear
  2999 | D:4      | Reached XP level 6. HP: 36/37 MP: 6/6
  3211 | D:4      | Noticed Pikel
  3245 | D:3      | HP: 1/37 [Pikel/+2 whip of flaming (5)]
  3245 | D:3      | Slain by Pikel

Illustrated notes

Levels and vault maps discovered:
D:1:      nicolae_arrival_washed_ashore, layout_rooms,
          shapermc_ecumenical_altar_venn, serial_shops, shop
D:2:      layout_basic, basic_altar, st_stairs_14, minmay_misc_feat_square,
          minmay_pentomino_v2
D:3:      layout_basic, mainiacjoe_overflow_alcove_4
D:4:      layout_loops_ring, kennysheep_ying_yang, minmay_temple_entry_ruins,
          uniq_pikel, uniq_natasha, uniq_ijyb
D:5:      layout_loops_ring, minmay_misc_feat_nine_boxes
D:6:      layout_rooms, sigmund_edmund_badplayer, uniq_prince_ribbit1,
          uniq_edmund, uniq_menkaure
Temple:   nicolae_temple_superstar

Skill      XL: |  1  2  3  4  5 |
---------------+----------------+-----
Axes           | 3 4 |  4.3
Armour         | 1 2 |  2.5
Evocations     | 1 |  1.5
Throwing       | 2 |  2.0
Fighting       | 3 |  3.4
Dodging        | 3 |  3.0

Action                   |  1- 3 |  4- 6 || total
-------------------------+-------+-------++-------
Melee: War axe           |    99 |   160 ||   259
       Punch             |     2 |     2 ||     4
Throw: Boomerang         |     4 |     1 ||     5
  Use: Scroll            |     3 |       ||     3
       Potion            |     1 |       ||     1
Armor: Leather armour    |    30 |       ||    30
       Ring mail         |    33 |    90 ||   123
Dodge: Dodged            |    89 |   143 ||   232

Table legend: (Time is in decaauts)
 A = Elapsed time spent in this place.
 B = Non-inter-level travel time spent in this place.
 C = Inter-level travel time spent in this place.
 D = Time resting spent in this place.
 E = Time spent auto-exploring this place.
 F = Levels seen in this place.
 G = Mean time per level.
                   A        B        C        D        E       F      G
               +--------+--------+--------+--------+--------+-----+--------+
         Total |   3344 |   3227 |    117 |     36 |   1934 |   7 |  477.7 |
       Dungeon |   3215 |   3098 |    117 |     36 |   1934 |   6 |  535.8 |
        Temple |    128 |    128 |      0 |      0 |      0 |   1 |  128.0 |
               +--------+--------+--------+--------+--------+-----+--------+

Top non-repeatable levels by time:
     D:3: 1447 daAuts
     D:1: 713 daAuts
     D:2: 638 daAuts
     D:4: 360 daAuts
  Temple: 128 daAuts
     D:5: 54 daAuts
     D:6: 1 daAuts
